 Dungeon Crawl Stone Soup version 0.31-a0-38-g1548c4f2a5 (webtiles) character file.

Game seed: 1108661189991289211

62510 pk666 the Eclecticist (level 14, -2/68 HPs)
             Began as a Deep Elf Fire Elementalist on May 17, 2023.
             Was the Champion of Vehumet.
             Slain by an orc warrior
             ... wielding a +0 halberd
             ... led by an orc knight
              (16 damage)
             ... on level 2 of the Orcish Mines.
             The game lasted 01:17:25 (20523 turns).

pk666 the Eclecticist (Deep Elf Fire Elementalist) Turns: 20523, Time: 01:17:25

Health: -2/68      AC:  5    Str:  5    XL:     14   Next: 64%
Magic:  45/45      EV: 20    Int: 26    God:    Vehumet [******]
Gold:   1192       SH:  0    Dex: 15    Spells: 15/46 levels left

rFire   + + .        c - staff of fire
rCold   + . .        l - sphere of Battle
rNeg    . . .        a - +0 robe
rPois   .            S - +1 hat {Stlth+}
rElec   .            O - scarf {rC+ rF+}
rCorr   .            R - +0 pair of gloves
SInv    .            m - +0 pair of boots
Will    +....        F - amulet of faith
Stlth   +++          G - ring of flight
HPRegen 0.31/turn    E - ring of magical power
MPRegen 0.29/turn

%: faith
@: flying
A: no striking features
a: Renounce Religion


You were on level 2 of the Orcish Mines.
You worshipped Vehumet.
Vehumet was exalted by your worship.
You visited 5 branches of the dungeon, and saw 23 of its levels.
You also visited: Ossuary.

You collected 1439 gold pieces.
You spent 247 gold pieces at shops.

Inventory:

Missiles
 W - a throwing net
Armour
 a - a +0 robe (worn)
 l - the sphere of Battle (worn)
   (You found it on level 9 of the Dungeon)

   It enhances your destructive magic.
   It weakens your non-destructive magic.
   It summons a battlesphere in combat, with strength depending on Conjurations
   skill.
 m - a +0 pair of boots (worn)
 O - a scarf of resistance (worn)
 R - a +0 pair of gloves (worn)
 S - a +1 hat of stealth (worn)
Magical Staves
 c - a staff of fire (weapon)
Jewellery
 o - an amulet of reflection
 t - a ring of protection from cold
 E - a ring of magical power (right hand)
 F - an amulet of faith (around neck)
 G - a ring of flight (left hand)
 J - an amulet of magic regeneration
 M - an amulet of the acrobat
 T - a ring of willpower
Wands
 b - a wand of charming (35)
 s - a wand of flame (61)
 w - a wand of polymorph (13)
 P - a wand of digging (7)
 Q - a wand of mindburst (18)
 V - a wand of quicksilver (3)
Scrolls
 e - 2 scrolls of silence {unknown}
 g - 2 scrolls of fog {unknown}
 h - 4 scrolls of poison {unknown}
 i - 8 scrolls of identify
 j - 3 scrolls of blinking {unknown}
 n - 4 scrolls of noise
 p - 3 scrolls of brand weapon {unknown}
 q - 5 scrolls of teleportation
 x - 4 scrolls of fear {unknown}
 y - 3 scrolls of butterflies {unknown}
 C - 3 scrolls of magic mapping {unknown}
 H - a scroll of enchant weapon {unknown}
 L - a scroll of enchant armour {unknown}
 N - a scroll of acquirement {unknown}
 U - a scroll of amnesia {unknown}
Potions
 d - 12 potions of curing
 f - 4 potions of haste
 k - 2 potions of magic
 r - 6 potions of lignification
 u - 3 potions of mutation {unknown}
 z - 2 potions of flight {unknown}
 A - a potion of cancellation {unknown}
 B - a potion of invisibility {unknown}
 D - a potion of berserk rage {unknown}
 I - 3 potions of ambrosia {unknown}
 K - 2 potions of might


   Skills:
 + Level 15.2 Dodging
 - Level 2.4 Stealth
 + Level 16.6 Spellcasting
 + Level 14.0 Conjurations
 + Level 14.3 Fire Magic
 - Level 5.0 Earth Magic
 - Level 5.0 Poison Magic


You had 15 spell levels left.
You knew the following spells:

 Your Spells              Type           Power      Damage    Failure   Level
a - Foxfire               Conj/Fire      100%       2x1d9     0%          1
b - Scorch                Fire           100%       2d9       0%          2
c - Flame Wave            Conj/Fire      100%       2d21      1%          4
d - Lee's Rapid Deconstr  Erth           32%        3d16*     2%          5
e - Orb of Destruction    Conj           48%        9d13      1%          7
f - Olgreb's Toxic Radia  Pois           64%        N/A       1%          4
g - Ignite Poison         Fire/Tmut/Pois 90%        N/A       1%          3
z - Fireball              Conj/Fire      60%        3d23      1%          5

Your spell library contained the following spells:

 Spells                   Type           Power      Damage    Failure   Level
 Starburst                Conj/Fire      60%        6d16      1%          6
 Magic Dart               Conj           100%       1d8       0%          1
 Searing Ray              Conj           100%       2d8       0%          2
 Cigotuvi's Dreadful Rot  Necr/Pois/Air  30%        N/A       1%          2
 Inner Flame              Hex/Fire       93%        N/A       1%          3
 Volatile Blastmotes      Fire/Tloc      100%       2d18      1%          3
 Fulminant Prism          Conj/Hex       36%        3d18      1%          4
 Iskenderun's Mystic Bla  Conj/Tloc      72%        2d15      1%          4
 Sticky Flame             Conj/Fire      100%       2d11      1%          4
 Freezing Cloud           Conj/Ice/Air   31%        6-21      2%          5
 Ozocubu's Armour         Ice            10%        N/A       7%          3
 Summon Guardian Golem    Hex/Summ       10%        N/A       7%          3
 Leda's Liquefaction      Hex/Erth       8%         N/A       9%          4
 Spellforged Servitor     Conj/Summ      36%        N/A       28%         7
 Metabolic Englaciation   Hex/Ice        5%         N/A       54%         5
 Statue Form              Tmut/Erth      11%        N/A       78%         6
 Simulacrum               Ice/Necr       5%         N/A       98%         6
 Ozocubu's Refrigeration  Ice            16%        4d11      99%         7


Dungeon Overview and Level Annotations

Branches:
Dungeon (14/15)            Temple (1/1) D:6            Lair (5/5) D:11
 Shoals (0/4) Lair:2       Spider (0/4) Lair:2        Slime (0/5) Lair:5
    Orc (2/2) D:10            Elf (1/3) Orc:2        Vaults (0/5) D:14
Ossuary (visited)

Altars:
Ashenzari
Cheibriados
Dithmenos
Elyvilon
Fedhas
Gozag
Hepliaklqana
Kikubaaqudgha
Makhleb
Nemelex Xobeh
Okawaru
Qazlal
Ru
Sif Muna
Trog
Uskayaw
Vehumet
Wu Jian
Xom
Yredelemnul
Zin
The Shining One

Shops:
D:3 ?   D:5 !   D:14 =

Annotations:
D:3 1 runed translucent door, Crazy Yiuf
D:10 exclusion: downstairs
D:11 exclusion: fire giant
D:12 2 transporters, Azrael; Gnu's ghost, journeyman DrFE
Lair:1 exclusion: fire dragon
Lair:5 1 exclusion


Message History

The deep elf pyromancer blinks!
You fly upwards.
Welcome back to the Orcish Mines!
Your summoned ally is left behind.
Your battlesphere wavers and loses cohesion.
You feel an oppressive heat about you.
There is an entrance to a volcano on this level.
Hurry and find it before the entrance collapses!
You conjure a globe of magical energy.
The orc knight barely misses you.
The orc knight hits your battlesphere with a +0 battleaxe!
The troll bites you!
* * * LOW HITPOINT WARNING * * *
The troll closely misses you. x2
There is a staircase to the Elven Halls, spattered with blood here.
You feel much better. The warg barely misses you. The orc misses you.
The orc barely misses your battlesphere.
An orc comes into view. It is wielding a +0 hand axe.
The troll closely misses you. The troll completely misses you.
The troll claws you. The orc warrior closely misses you.
The orc knight completely misses you.
The orc knight hits your battlesphere with a +0 battleaxe!
Your battlesphere is destroyed!
You feel much better.
You conjure a globe of magical energy.
The warg barely misses you. The orc completely misses you.
The orc hits your battlesphere with a +0 hand axe.
The orc misses you. The troll bites you. The troll completely misses you.
The troll barely misses you. The orc warrior misses you.
The orc knight hits you with a +0 battleaxe!!
A bolt appears from out of your range of vision.
The bolt hits your battlesphere!!
Your battlesphere is destroyed!
The warg misses you.
You hear a shout!
You feel much better.
You conjure a globe of magical energy.
The orc misses you.
The orc closely misses your battlesphere.
The troll bites you! The troll misses you.
The troll claws you but does no damage. The orc misses you.
The orc knight hits you with a +0 battleaxe!!
* * * LOW HITPOINT WARNING * * *
The orc warrior hits you from afar with a +0 halberd!
You die...

..)h# .....
....# #.....
....o ##...$##.
...o. ##.......#
......
##....#....
##...$......
.####...........
..$.....○o......
.......o@ho.....
......*$To......
........o.O.....
................
#........o......
##.........o....
...............
....$..........


You could see an orc knight, a troll, a warg, an orc warrior, an ogre, 5 orcs
and a friendly battlesphere.

Vanquished Creatures
  Rupert (Lair:3)
  Gastronok (Lair:3)
  Kirke (D:13)
  An entropy weaver (shapeshifter) (D:14)
  4 vault guards (D:14)
  3 hydras
  A boulder beetle (D:14)
  A centaur warrior (D:14)
  A two-headed ogre (Orc:1)
  A tengu warrior (D:14)
  Urug (Lair:3)
  Sonja (D:12)
  4 skysharks (Lair:4)
  A pharaoh ant (Lair:2)
  A swamp dragon (D:13)
  A wizard (D:14)
  4 ugly things (D:14)
  2 manticores (D:13)
  3 cyclopes
  12 elephants
  2 black mambas (Lair:5)
  A gargoyle (D:11)
  15 cane toads
  3 unseen horrors
  A rime drake (Lair:3)
  A kobold demonologist (D:10)
  An efreet (D:14)
  14 komodo dragons
  3 tengu conjurers
  A polar bear (Lair:1)
  4 trolls
  A wind drake (Lair:2)
  A tarantella (Lair:2)
  28 blink frogs
  3 dream sheep (Lair:3)
  A jumping spider (Lair:2)
  5 slime creatures (D:14)
  Sigmund (D:3)
  A centaur simulacrum (D:14)
  2 water elementals (D:13)
  A shadow (D:13)
  8 wyverns
  36 yaks
  3 wraiths (D:11)
  2 fire elementals (D:12)
  3 hogs (D:13)
  4 basilisks
  A human (D:13)
  2 steam dragons
  2 redbacks
  Menkaure (D:4)
  11 vampire mosquitoes
  2 acid dragons
  14 water moccasins
  Duvessa (D:6)
  2 wargs (Orc:1)
  4 swamp drakes
  6 orc warriors
  5 black bears
  3 sky beasts
  14 wolves
  2 ogres
  7 centaurs
  A phantom (D:5)
  4 kobold brigands
  2 elf zombies (Ossuary)
  Blork the orc (D:6)
  10 bullfrogs
  2 gnoll sergeants
  A scorpion (D:5)
  Dowan (D:6)
  7 wights
  16 killer bees
  8 electric eels
  A howler monkey (D:8)
  A human zombie (Ossuary)
  2 jellies
  6 hounds
  2 gnoll boudas
  5 orc priests
  7 iguanas
  A sleepcap (D:5)
  16 orc wizards
  Natasha (thrice) (D:3)
  9 hell rats
  4 mummies (Ossuary)
  9 gnolls
  8 adders
  11 river rats (Lair:2)
  A shadow imp (D:7)
  2 white imps
  3 worms
  2 dart slugs
  28 orcs
  7 bats
  7 endoplasms
  7 giant cockroaches
  3 gnoll zombies (Ossuary)
  A goblin (D:2)
  5 hobgoblins
  7 jackals (D:4)
  3 quokkas
  7 ball pythons
  3 frilled lizards
  A jackal zombie (Ossuary)
  23 kobolds
  3 orc zombies (Ossuary)
  9 rats
  2 rat zombies (Ossuary)
530 creatures vanquished.

Vanquished Creatures (collateral kills)
  5 foxfires (D:1)
5 creatures vanquished.

Vanquished Creatures (others)
  A gargoyle (D:12)
  496 foxfires
497 creatures vanquished.

Grand Total: 1032 creatures vanquished

Notes
Turn   | Place    | Note
-------+----------+-------------------------------------------
     0 | D:1      | pk666 the Deep Elf Fire Elementalist began the quest for
                  | the Orb.
     0 | D:1      | Reached XP level 1. HP: 10/10 MP: 6/6
   295 | D:1      | Reached XP level 2. HP: 15/15 MP: 4/8
   328 | D:1      | Found a faded altar of an unknown god.
   336 | D:1      | Learned a level 2 spell: Scorch
  1348 | D:2      | Reached XP level 3. HP: 19/19 MP: 6/10
  1655 | D:2      | Reached XP level 4. HP: 24/24 MP: 6/11
  1782 | D:3      | Found Ucyzin's Magic Scroll Shoppe.
  1815 | D:3      | Bought a scroll of identify for 26 gold pieces
  1815 | D:3      | Bought a scroll of teleportation for 39 gold pieces
  1962 | D:3      | Reached skill level 4 in Spellcasting
  2230 | D:3      | Noticed Natasha
  2234 | D:3      | Killed Natasha
  2235 | D:3      | Reached XP level 5. HP: 28/28 MP: 10/13
  2277 | D:3      | Noticed Natasha
  2295 | D:3      | Killed Natasha
  2296 | D:3      | Noticed Natasha
  2405 | D:3      | Killed Natasha
  2514 | D:3      | Found a runed translucent door.
  2515 | D:3      | Noticed Crazy Yiuf
  2539 | D:3      | Noticed Sigmund
  2559 | D:3      | Killed Sigmund
  2560 | D:3      | Reached skill level 5 in Spellcasting
  2560 | D:3      | Reached XP level 6. HP: 12/32 MP: 8/15
  3241 | D:4      | Reached skill level 5 in Fire Magic
  3369 | D:4      | Noticed Menkaure
  3376 | D:4      | Killed Menkaure
  3377 | D:4      | Reached skill level 5 in Dodging
  3377 | D:4      | Reached XP level 7. HP: 12/36 MP: 14/17
  4156 | D:5      | Entered Level 5 of the Dungeon
  4215 | D:4      | Learned a level 4 spell: Flame Wave
  4220 | D:5      | Reached skill level 6 in Spellcasting
  4403 | D:5      | Found a sand-covered staircase.
  4410 | Ossuary  | Entered an ossuary
  4426 | Ossuary  | Reached skill level 5 in Conjurations
  4426 | Ossuary  | Reached XP level 8. HP: 19/41 MP: 16/20
  4662 | D:5      | Found Lierch's Distillery.
  4784 | D:5      | Reached skill level 7 in Spellcasting
  5076 | D:5      | Bought a potion of haste for 140 gold pieces
  5076 | D:5      | Bought a potion of curing for 42 gold pieces
  5281 | D:5      | Found a shimmering blue altar of Sif Muna.
  5286 | D:5      | Found a sparkling altar of Nemelex Xobeh.
  5286 | D:5      | Found a glowing golden altar of the Shining One.
  5528 | D:6      | Noticed Duvessa
  5533 | D:6      | Noticed Dowan
  5539 | D:6      | Killed Duvessa
  5541 | D:6      | Killed Dowan
  5542 | D:6      | Reached skill level 8 in Spellcasting
  5802 | D:6      | Noticed Blork the orc
  5822 | D:6      | Killed Blork the orc
  5914 | D:6      | Found a staircase to the Ecumenical Temple.
  5923 | Temple   | Entered the Ecumenical Temple
  5948 | Temple   | Became a worshipper of Vehumet
  6184 | D:6      | Reached XP level 9. HP: 45/45 MP: 20/23
  6209 | D:6      | Noticed a boulder beetle
  6618 | D:7      | Reached skill level 9 in Spellcasting
  6729 | D:7      | Reached * piety under Vehumet
  6729 | D:7      | Offered knowledge of Kiss of Death by Vehumet.
  6901 | D:7      | Noticed a troll
  6906 | D:7      | Killed a troll
  8218 | D:8      | Reached XP level 10. HP: 48/50 MP: 20/25
  8401 | D:8      | Reached skill level 10 in Spellcasting
  9250 | D:9      | Found a snail-covered altar of Cheibriados.
  9340 | D:9      | Found the sphere of Battle
  9620 | D:9      | Reached ** piety under Vehumet
  9620 | D:9      | Offered knowledge of Shock by Vehumet.
  9686 | D:9      | Reached skill level 10 in Dodging
  9686 | D:9      | Reached skill level 11 in Spellcasting
  9888 | D:10     | Entered Level 10 of the Dungeon
 10217 | D:10     | Found an opulent altar of Gozag.
 10232 | D:10     | Offered knowledge of Frozen Ramparts by Vehumet.
 10415 | D:10     | Reached XP level 11. HP: 54/54 MP: 28/28
 10423 | D:10     | Reached skill level 10 in Fire Magic
 10467 | D:10     | Noticed a fire giant
 10551 | D:11     | Reached *** piety under Vehumet
 10555 | D:11     | Noticed a boulder beetle
 10688 | D:11     | Found a staircase to the Lair.
 10909 | D:11     | Reached skill level 12 in Spellcasting
 10909 | D:11     | Offered knowledge of Hailstorm by Vehumet.
 11016 | D:11     | Reached skill level 10 in Conjurations
 11337 | Lair:1   | Entered Level 1 of the Lair of Beasts
 11358 | Lair:1   | Reached skill level 1 in Earth Magic
 11390 | Lair:1   | Learned a level 5 spell: Lee's Rapid Deconstruction
 11452 | Lair:1   | Reached **** piety under Vehumet
 11684 | Lair:1   | Offered knowledge of Fireball by Vehumet.
 11731 | Lair:1   | Learned a level 5 spell: Fireball
 12012 | Lair:1   | Reached XP level 12. HP: 59/59 MP: 29/30
 12175 | Lair:1   | Noticed a fire dragon
 12249 | Lair:1   | Reached skill level 13 in Spellcasting
 12630 | Lair:2   | Reached skill level 5 in Earth Magic
 12936 | Lair:2   | Reached ***** piety under Vehumet
 12939 | Lair:2   | Offered knowledge of Olgreb's Toxic Radiance by Vehumet.
 12945 | Lair:2   | Learned a level 4 spell: Olgreb's Toxic Radiance
 13017 | Lair:2   | Learned a level 3 spell: Ignite Poison
 13171 | Lair:2   | Found a hole to the Spider Nest.
 13725 | Lair:2   | Found a staircase to the Shoals.
 14023 | Lair:3   | Noticed Urug
 14031 | Lair:3   | Killed Urug
 14252 | Lair:3   | Reached skill level 1 in Poison Magic
 14255 | Lair:3   | Reached skill level 14 in Spellcasting
 14301 | Lair:3   | Noticed Rupert
 14311 | Lair:3   | Paralysed by Rupert for 2 turns
 14313 | Lair:3   | Killed Rupert
 14403 | Lair:3   | Reached XP level 13. HP: 63/63 MP: 33/33
 14779 | Lair:3   | Noticed Gastronok
 14783 | Lair:3   | Killed Gastronok
 15250 | Lair:4   | Reached skill level 5 in Poison Magic
 15708 | Lair:4   | Identified the +6 morningstar of Discord {freeze, rN++
                  | Int-5}
 16130 | Lair:5   | Entered Level 5 of the Lair of Beasts
 16336 | Lair:5   | Reached skill level 15 in Spellcasting
 16855 | Lair:5   | Reached ****** piety under Vehumet
 16934 | Lair:5   | Found a staircase to the Slime Pits.
 17099 | Lair:5   | Noticed a fire dragon
 17373 | D:12     | Noticed Sonja
 17374 | D:12     | Killed Sonja
 17375 | D:12     | Reached XP level 14. HP: 68/68 MP: 35/35
 17418 | D:12     | Found a transporter.
 17423 | D:12     | Found a bloodstained altar of Trog.
 17435 | D:12     | Found a transporter.
 17436 | D:12     | Noticed Gnu's ghost (journeyman DrFE)
 17493 | D:12     | Noticed Azrael
 17989 | D:13     | Learned a level 7 spell: Orb of Destruction
 18204 | D:13     | Noticed Kirke
 18209 | D:13     | Killed Kirke
 18614 | D:14     | Reached skill level 16 in Spellcasting
 18725 | D:14     | Offered knowledge of Starburst by Vehumet.
 18819 | D:14     | Found Sisuz's Jewellery Shoppe.
 19058 | D:14     | Reached skill level 15 in Dodging
 19557 | D:14     | Found a gate to the Vaults.
 20226 | D:10     | Found a staircase to the Orcish Mines.
 20230 | Orc:1    | Entered Level 1 of the Orcish Mines
 20503 | Orc:2    | Entered Level 2 of the Orcish Mines
 20515 | Orc:2    | Found a staircase to the Elven Halls.
 20518 | Elf:1    | Entered Level 1 of the Elven Halls
 20523 | Orc:2    | Slain by an orc warrior

Illustrated notes

Levels and vault maps discovered:
D:1:      dpeg_arrival_stonehenge_8_columns, layout_rooms,
          ebering_ecumenical_altar_petrified, minivault_5
D:2:      layout_rooms, minmay_misc_feat_tower
D:3:      layout_basic, serial_shops, nicolae_shop_stone,
          uniq_crazy_yiuf_cottage, uniq_sigmund, uniq_natasha
D:4:      layout_basic, grunt_ministairs_9, uniq_menkaure
D:5:      layout_basic, minitemple, lightli_ossuary_entry_decrepit_ruins,
          serial_shops, nicolae_shop_tiny_waterfront
D:6:      layout_rooms, minmay_temple_entry_arrows, uniq_blork_the_orc,
          uniq_duvessa
D:7:      layout_gridville, kennysheep_flooded_box, minmay_bent
D:8:      layout_layer_cave
D:9:      layout_roguey, lemuel_doored_altar,
          hellmonk_guarded_unrand_sphere_of_battle
D:10:     layout_roguey, amcnicky_altar_gilded, orc_0_dummy, minmay_three_doors
D:11:     layout_rooms, david_lair_generic, nicolae_titane
D:12:     layout_small_grid, gammafunk_ghost_wrathful_warriors,
          hangedman_abyss_or_decor_passed, nicolae_kite_square_tiling_tiny,
          lemuel_flamethrower_3, uniq_azrael, uniq_nergalle, uniq_sonja
D:13:     layout_basic, minmay_crystal_water, pond, uniq_kirke
D:14:     layout_gridville, lightli_vaults_fourway_checkpoint, serial_shops,
          nicolae_shop_hallway_stairs
Temple:   minmay_crystal_spiral_temple
Lair:1:   dragon1_lemuel, layout_loops_ring
Lair:2:   layout_cave_pods, minmay_shoals_entry_beasts,
          nicolae_spider_entry_lesser_pyramids, kennysheep_rathole,
          lemuel_fruit_fields
Lair:3:   layout_cave_pods, dreamdust_gnoll_shepherd,
          infiniplex_staircase_pool_2, uniq_urug, uniq_gastronok, uniq_rupert
Lair:4:   layout_concentric_octagons, serial_bayou_shore_a
Lair:5:   guppyfry_lair_end_dragon, layout_small_grid, slime_entry_1
Orc:1:    layout_caves, uniq_snorg, uniq_erolcha, uniq_jorgrun
Orc:2:    grunt_orc_tribal_feast, layout_caves, enter_volcano_2, uniq_donald
Elf:1:    elf_arrival_002, layout_rooms, portal_ice_cave_entry_dragon,
          minmay_elf_sorcery

Skill      XL: |  1  2  3  4  5  6  7  8  9 10 11 12 13 14 |
---------------+-------------------------------------------+-----
Dodging        | 3 4 5 6 7 9 10 11 13 14 15 | 15.2
Conjurations   | 2 3 4 5 6 7 9 10 11 13 14 | 14.0
Spellcasting   | 4 5 6 8 9 11 12 14 15 16 | 16.6
Fire Magic     | 4 5 6 7 8 9 11 12 13 14 | 14.3
Earth Magic    | 4 5 |  5.0
Poison Magic   | 3 5 |  5.0
Stealth        | |  2.4

Action                     |  1- 3 |  4- 6 |  7- 9 | 10-12 | 13-15 || total
---------------------------+-------+-------+-------+-------+-------++-------
  Melee: Staff             |     1 |     3 |       |       |       ||     4
   Cast: Foxfire           |    62 |    56 |    99 |    75 |    16 ||   308
         Scorch            |    12 |    16 |    92 |   106 |    15 ||   241
         Flame Wave        |       |       |    14 |    26 |     6 ||    46
         Fireball          |       |       |       |    54 |   107 ||   161
         Ignite Poison     |       |       |       |    13 |    31 ||    44
         Olgreb's Toxic Ra |       |       |       |    11 |    36 ||    47
         Lee's Rapid Decon |       |       |       |     1 |    16 ||    17
         Orb of Destructio |       |       |       |       |    18 ||    18
    Use: Potion            |       |       |     2 |     3 |     4 ||     9
         Scroll            |       |       |     5 |     3 |     5 ||    13
 Armour: Robe              |       |     5 |    17 |     7 |     1 ||    30
  Dodge: Dodged            |     6 |     9 |    62 |    49 |    47 ||   173

Table legend: (Time is in decaauts)
 A = Elapsed time spent in this place.
 B = Non-inter-level travel time spent in this place.
 C = Inter-level travel time spent in this place.
 D = Time resting spent in this place.
 E = Time spent auto-exploring this place.
 F = Levels seen in this place.
 G = Mean time per level.
                   A        B        C        D        E       F      G
               +--------+--------+--------+--------+--------+-----+--------+
         Total |  20531 |  19692 |    839 |   5248 |  11629 |  24 |  855.5 |
       Dungeon |  13775 |  13292 |    483 |   3269 |   8098 |  14 |  983.9 |
        Temple |    209 |    126 |     83 |      0 |    103 |   1 |  209.0 |
          Lair |   6019 |   5762 |    257 |   1849 |   3158 |   5 | 1203.8 |
  Orcish Mines |    290 |    274 |     16 |     56 |    151 |   2 |  145.0 |
   Elven Halls |      1 |      1 |      0 |      0 |      0 |   1 |    1.0 |
       Ossuary |    232 |    232 |      0 |     74 |    119 |   1 |  232.0 |
               +--------+--------+--------+--------+--------+-----+--------+

Top non-repeatable levels by time:
  Lair:1: 1497 daAuts
    D:13: 1373 daAuts
     D:8: 1344 daAuts
     D:4: 1260 daAuts
     D:1: 1231 daAuts
  Lair:2: 1193 daAuts
     D:3: 1163 daAuts
  Lair:4: 1126 daAuts
  Lair:5: 1118 daAuts
  Lair:3: 1084 daAuts
     D:9: 1023 daAuts
     D:5: 1002 daAuts
     D:7: 990 daAuts
    D:11: 964 daAuts
    D:10: 864 daAuts
